[Event "Team 45 45 League T52"]
[Site "Internet Chess Club"]
[Date "2012.03.13"]
[Round "4"]
[White "SaltofLife"]
[Black "ferrari9182"]
[Result "1-0"]
[WhiteElo "1921"]
[BlackElo "1918"]
[Opening "King's Indian: Petrosian system, Stein variation"]
[ECO "E92"]
[Time "15:06:18"]
[TimeControl "2700+45"]

1. d4 Nf6 2. Nf3 g6 3. c4 Bg7 4. Nc3 d6 5. e4 O-O 6. Be2 e5 7. d5 a5 8. Bg5 Na6
9. Nd2 h6 10. Be3 Bd7 11. a3 Qc8 12. Rb1 Ng4 13. Bxg4 Bxg4 14. f3 Bd7 15. b4
axb4 16. axb4 f5 17. c5 b6 18. cxb6 cxb6 19. Qb3 Qd8 20. Nc4 Be8 21. Bxb6 Qg5
22. O-O Rb8 23. Kh1 Rb7 24. Ra1 Nb8 25. Ra8 Qe7 26. Qa3 Nd7 27. Bd8 {Black
resigns} 1-0

[Event "Team 45 45 League T52"]
[Site "Internet Chess Club"]
[Date "2012.03.09"]
[Round "4"]
[White "bobhill"]
[Black "ddlj81"]
[Result "1-0"]
[WhiteElo "1808"]
[BlackElo "1819"]
[Opening "Queen's bishop game"]
[ECO "D02"]
[Time "22:02:50"]
[TimeControl "2700+45"]

1. d4 d5 2. Nf3 Nf6 3. Bf4 c5 4. e3 Nc6 5. c3 Bg4 6. Nbd2 e6 7. Qb3 Qb6 8. Ne5
Nxe5 9. Bxe5 c4 10. Qa4+ Qc6 11. Qxc6+ bxc6 12. b3 cxb3 13. axb3 Nd7 14. Bg3 Be7
15. Ba6 O-O 16. Bb7 c5 17. Bxa8 Rxa8 18. f3 Bh5 19. O-O cxd4 20. cxd4 Bb4 21.
Rfd1 Bg6 22. Ra2 a5 23. Nf1 Rc8 24. Be1 Rc2 25. Raa1 Rb2 26. Bxb4 axb4 27. Ra8+
Nf8 28. Rc1 Rc2 29. Rxc2 Bxc2 30. Nd2 g6 31. Rb8 Kg7 32. Rxb4 {Black resigns}
1-0

[Event "Team 45 45 League T52"]
[Site "Internet Chess Club"]
[Date "2012.03.11"]
[Round "4"]
[White "Frankly"]
[Black "Whalen"]
[Result "1-0"]
[WhiteElo "1764"]
[BlackElo "1630"]
[Opening "QGD"]
[ECO "D52"]
[Time "14:01:57"]
[TimeControl "2700+45"]

1. d4 e6 2. c4 d5 3. Nc3 Nf6 4. Bg5 Nbd7 5. e3 c6 6. Nf3 Bb4 7. a3 Bxc3+ 8. bxc3
Qa5 9. Qb3 dxc4 10. Bxc4 Ne4 11. Bf4 Nxc3 12. O-O Ne4 13. Bxe6 O-O 14. Bxd7 Bxd7
15. Qxb7 Qd5 16. Rfc1 Rfc8 17. Bc7 Nd6 18. Bxd6 Qxd6 19. Ne5 Be8 20. Qa6 Qd5 21.
Rc5 Qb3 22. Rac1 Rcb8 23. h3 Rb6 24. Qa5 Rb5 25. Rxb5 cxb5 26. Rc7 a6 27. Qb6
Qxa3 28. Qb7 Rd8 29. Nxf7 Bxf7 30. Rxf7 Qa2 31. Rxg7+ Kf8 32. Qe7# {Black
checkmated} 1-0

[Event "Team 45 45 League T52"]
[Site "Internet Chess Club"]
[Date "2012.03.11"]
[Round "4"]
[White "CaoCao"]
[Black "creditordebit"]
[Result "1/2-1/2"]
[WhiteElo "1870"]
[BlackElo "1726"]
[Opening "Sicilian: dragon, Yugoslav attack, 9...Bd7"]
[ECO "B77"]
[Time "18:30:31"]
[TimeControl "2700+45"]

1. e4 c5 2. Nf3 d6 3. d4 cxd4 4. Nxd4 Nf6 5. Nc3 g6 6. Be3 Bg7 7. f3 Nc6 8. Qd2
O-O 9. Bc4 Bd7 10. Bb3 Rc8 11. h4 Ne5 12. O-O-O h5 13. Kb1 Nc4 14. Bxc4 Rxc4 15.
Nb3 Qc7 16. Bd4 Bc6 17. g4 e5 18. Be3 hxg4 19. h5 gxf3 20. hxg6 fxg6 21. Bh6
Nxe4 22. Nxe4 Bxe4 23. Bxg7 Qxg7 24. Rc1 Rfc8 25. Qxd6 Bxc2+ 26. Rxc2 Rxc2 27.
Qe6+ Qf7 28. Rh8+ Kg7 29. Rh7+ Kxh7 30. Qxf7+ Kh6 31. Qxf3 Rh2 32. Qe3+ g5 33.
a4 Rcc2 34. Qxe5 Rxb2+ 35. Qxb2 Rxb2+ 36. Kxb2 g4 37. Nd4 Kg5 38. Ne2 Kh4 39.
Kc3 g3 40. Kd4 Kh3 41. Kd5 g2 42. Nf4+ Kg3 43. Nxg2 Kxg2 44. Kd6 Kf3 45. Kc7 Ke4
46. Kxb7 a5 47. Kb6 Kd5 48. Kxa5 Kc5 {Game drawn by mutual agreement} 1/2-1/2

[Event "Team 45 45 League T52"]
[Site "Internet Chess Club"]
[Date "2012.03.10"]
[Round "4"]
[White "Warpdrive"]
[Black "loudoun"]
[Result "0-1"]
[WhiteElo "1647"]
[BlackElo "1750"]
[Opening "Sicilian: Scheveningen, classical main line"]
[ECO "B85"]
[Time "22:05:55"]
[TimeControl "2700+45"]

1. e4 c5 2. Nf3 d6 3. d4 cxd4 4. Nxd4 Nf6 5. Nc3 a6 6. Be2 e6 7. O-O Be7 8. Be3
O-O 9. f4 Nc6 10. Qe1 Qc7 11. a3 Nxd4 12. Bxd4 e5 13. fxe5 dxe5 14. Be3 Be6 15.
Qf2 b5 16. Rfd1 Qc6 17. Bf3 Rad8 18. Rxd8 Rxd8 19. Rd1 Rxd1+ 20. Nxd1 Ng4 21.
Qe2 Nxe3 22. Nxe3 Bc5 23. c3 Bc4 24. Qd2 Bb6 25. b4 Qh6 26. Kf2 Qxh2 27. Be2
Qh4+ 28. Kg1 Qf4 29. Bxc4 Bxe3+ {White resigns} 0-1

[Event "Team 45 45 League T52"]
[Site "Internet Chess Club"]
[Date "2012.03.10"]
[Round "4"]
[White "hewdondada"]
[Black "chrisgianno"]
[Result "1-0"]
[WhiteElo "1728"]
[BlackElo "1548"]
[Opening "QGD: exchange, positional line"]
[ECO "D35"]
[Time "14:45:24"]
[TimeControl "2700+45"]

1. d4 d5 2. c4 e6 3. Nc3 Nf6 4. cxd5 exd5 5. Bg5 Be7 6. Qc2 c6 7. Nf3 Be6 8. e3
Nbd7 9. Bd3 Qc7 10. O-O h6 11. Bh4 Bd6 12. Rac1 a6 13. a3 g5 14. Bg3 Bxg3 15.
hxg3 O-O-O 16. b4 Nb6 17. a4 Rdf8 18. Ne5 Ng4 19. Nxg4 Bxg4 20. b5 axb5 21. axb5
f5 22. bxc6 bxc6 23. Nb5 Qd7 24. Qxc6+ Qxc6 25. Rxc6+ Kb7 26. Rc7+ Kb8 27. Ra1
f4 28. Raa7 Bc8 29. Nd6 fxe3 30. Nxc8 exf2+ 31. Kf1 Nd7 32. Nd6 {Black resigns}
1-0

[Event "Team 45 45 League T52"]
[Site "Internet Chess Club"]
[Date "2012.03.10"]
[Round "4"]
[White "CKNIGHT3"]
[Black "ElMarginal"]
[Result "1-0"]
[WhiteElo "1555"]
[BlackElo "1440"]
[Opening "QGD Slav: Dutch variation"]
[ECO "D18"]
[Time "19:00:53"]
[TimeControl "2700+45"]

1. d4 d5 2. c4 Nf6 3. Nc3 c6 4. Nf3 dxc4 5. a4 Bf5 6. e3 e6 7. Bxc4 Nbd7 8. O-O
Be7 9. Qe2 Nb6 10. Bd3 Bxd3 11. Qxd3 Nbd5 12. e4 Nxc3 13. bxc3 O-O 14. Ba3 h6
15. Rfb1 b6 16. Ne5 Bxa3 17. Rxa3 c5 18. Nc6 Qd7 19. d5 exd5 20. exd5 Nxd5 21.
Qxd5 Qxd5 22. Ne7+ Kh7 23. Nxd5 Rfd8 24. c4 Rd6 25. Rd3 Rad8 26. Rbd1 Kg8 27.
Ne7+ {Black resigns} 1-0

[Event "Team 45 45 League T52"]
[Site "Internet Chess Club"]
[Date "2012.03.13"]
[Round "4"]
[White "eagle"]
[Black "doublepar"]
[Result "0-1"]
[WhiteElo "1506"]
[BlackElo "1588"]
[Opening "English: Romanishin gambit"]
[ECO "A05"]
[Time "18:26:33"]
[TimeControl "2700+45"]

1. Nf3 Nf6 2. c4 e6 3. g3 a6 4. Bg2 b5 5. cxb5 axb5 6. Nd4 c6 7. Nxb5 d5 8. N5c3
Bd6 9. d4 O-O 10. O-O Ba6 11. Nd2 Nbd7 12. Re1 c5 13. Nf3 cxd4 14. Nxd4 Qb6 15.
Nb3 Ng4 16. e3 Nde5 17. Bf1 Bb4 18. f4 Bxf1 19. Kxf1 Qa6+ 20. Kg2 Nd3 21. Re2
Rac8 22. Rc2 Bxc3 23. Rxc3 Rxc3 24. bxc3 Nxc1 25. Qxc1 Qe2+ 26. Kh3 Nf2+ 27. Kg2
Nd3+ 28. Kg1 Nxc1 29. Nxc1 Qxe3+ 30. Kg2 Qxc3 31. Rb1 Qc2+ 32. Kh3 Qxb1 {White
resigns} 0-1

[Event "Team 45 45 League T52"]
[Site "Internet Chess Club"]
[Date "2012.03.15"]
[Round "4"]
[White "oldprez"]
[Black "seattleblues"]
[Result "1-0"]
[WhiteElo "1494"]
[BlackElo "1392"]
[Opening "Caro-Kann: advance variation"]
[ECO "B12"]
[Time "21:04:23"]
[TimeControl "2700+45"]

1. e4 c6 2. d4 d5 3. e5 Bf5 4. Nf3 e6 5. Be2 c5 6. c3 Nc6 7. O-O Nge7 8. Bg5 Qb6
9. Qa4 Ng6 10. Qb5 Qxb5 11. Bxb5 c4 12. Nbd2 h6 13. Bh4 Nxh4 14. Nxh4 Bd3 15.
Rfe1 Be7 16. Nhf3 O-O 17. Re3 a6 18. Bxc6 bxc6 19. h3 c5 20. Nf1 cxd4 21. Nxd4
Bg5 22. Ree1 Rfe8 23. g3 Bd8 24. Nc6 Bb6 25. Nb4 Be4 26. Nd2 Bh7 27. Nc6 Rac8
28. Nd4 Ba7 29. Re3 Bf5 30. g4 Bh7 31. b4 Bxd4 32. cxd4 Rb8 33. a3 Rec8 34. Nb1
Rf8 35. Nc3 f6 36. Rae1 f5 37. gxf5 Bxf5 38. Rf3 Bc2 39. Rxf8+ Rxf8 40. a4 Rf3
41. Re3 Rxe3 42. fxe3 Kf8 43. Kf2 Ke7 44. Kg3 Kd7 45. Kg4 Kc6 46. Kh5 Kb6 47. h4
Be4 48. Kg4 Bf5+ 49. Kf4 Bc2 50. e4 dxe4 51. Nxe4 Bxe4 52. Kxe4 c3 53. Kd3 c2
54. Kxc2 Kc6 55. Kc3 g5 56. hxg5 hxg5 57. Kd3 g4 58. Ke3 g3 59. Kf3 g2 60. Kxg2
Kd5 61. Kf3 Kxd4 62. Kf4 Kc4 63. Kg5 Kd5 64. Kf6 Kc4 65. Kxe6 Kxb4 66. Kd6 Kxa4
67. e6 Kb5 68. e7 Kb6 69. e8=Q {Black resigns} 1-0

[Event "Team 45 45 League T52"]
[Site "Internet Chess Club"]
[Date "2012.03.10"]
[Round "4"]
[White "Conjurer"]
[Black "radiohead"]
[Result "1-0"]
[WhiteElo "1443"]
[BlackElo "1429"]
[Opening "English opening"]
[ECO "A22"]
[Time "13:03:26"]
[TimeControl "2700+45"]

1. c4 e5 2. Nc3 Nf6 3. Nf3 e4 4. Ng5 e3 5. dxe3 h6 6. Nge4 Bb4 7. Bd2 Nc6 8. Qc2
d6 9. g3 Be6 10. b3 O-O 11. Bg2 Rb8 12. O-O Ne7 13. Nxf6+ gxf6 14. Ne4 Bxd2 15.
Nxf6+ Kg7 16. Nh5+ Kg8 17. Qxd2 Ng6 18. Qd4 f6 19. Bd5 Qe7 20. Qe4 Ne5 21. Qf4
Bxd5 22. cxd5 Kh7 23. Qf5+ Kh8 24. Rac1 Qf7 25. e4 Rbc8 26. Rc3 Qh7 27. Qxh7+
Kxh7 28. Nf4 Rg8 29. h3 Rge8 30. Ne6 c6 31. Rfc1 Nf7 32. f3 Ng5 33. Nxg5+ hxg5
34. dxc6 b6 35. Kf2 a5 36. a3 Re5 37. b4 Kg6 38. g4 Re7 39. b5 a4 40. Rc4 Re5
41. Rb1 Ra8 42. c7 Rc5 43. Rbb4 Rc8 44. Rxc5 dxc5 45. Rxa4 Rxc7 46. Rc4 Kf7 47.
e3 Rd7 48. Ke2 Ke6 49. f4 Ra7 50. a4 Rh7 51. a5 Kd6 52. a6 Kc7 53. e5 Rxh3 54.
e6 Rh2+ 55. Kd3 Rh7 56. Re4 f5 57. gxf5 g4 58. e7 {Black resigns} 1-0

[Event "Team 45 45 League T52"]
[Site "Internet Chess Club"]
[Date "2012.03.12"]
[Round "4"]
[White "chips"]
[Black "Check101"]
[Result "1/2-1/2"]
[WhiteElo "1150"]
[BlackElo "1411"]
[Opening "Polish (Sokolsky) opening"]
[ECO "A00"]
[Time "12:04:46"]
[TimeControl "2700+45"]

1. b4 Nf6 2. Bb2 d5 3. Bxf6 exf6 4. a3 c5 5. c3 b6 6. Nf3 Be7 7. g3 O-O 8. Bg2
Bb7 9. O-O Nd7 10. bxc5 bxc5 11. d4 cxd4 12. cxd4 Re8 13. e3 f5 14. Nc3 g5 15.
a4 a6 16. Qb1 Nb6 17. Qxf5 Bc8 18. Qb1 h5 19. Ne5 Qd6 20. a5 Nd7 21. Nxd5 Rb8
22. Nxe7+ Rxe7 23. Qa2 Nxe5 24. dxe5 Qxe5 25. Qd5 Qxd5 26. Bxd5 Rb5 27. Rfc1 Be6
28. Bxe6 Rxe6 29. Rc8+ Kg7 30. Rc4 g4 31. Kg2 Rf6 32. Rf4 Rxf4 33. gxf4 f5 {Game
drawn by mutual agreement} 1/2-1/2

[Event "Team 45 45 League T52"]
[Site "Internet Chess Club"]
[Date "2012.03.13"]
[Round "4"]
[White "cazj"]
[Black "Salvatore"]
[Result "0-1"]
[WhiteElo "1331"]
[BlackElo "1534"]
[Opening "Benkö gambit"]
[ECO "A57"]
[Time "19:12:12"]
[TimeControl "2700+45"]

1. d4 Nf6 2. c4 c5 3. d5 b5 4. b3 bxc4 5. bxc4 g6 6. Nc3 Bg7 7. e4 O-O 8. e5 Ne8
9. Nf3 d6 10. Bf4 Bg4 11. Ne4 dxe5 12. Be3 Nd6 13. h3 Bf5 14. Nxc5 e4 15. Nd2
Bxa1 16. Qxa1 Qa5 17. Bh6 f6 18. Bxf8 Kxf8 19. Nb3 Qa3 20. g4 Bd7 21. g5 Kf7 22.
Bg2 Na6 23. Bxe4 Nb4 24. Bb1 a5 25. h4 a4 26. Nc5 Bf5 27. gxf6 exf6 28. Nd7 Bxd7
29. O-O Re8 30. c5 Nf5 31. Nc4 Qh3 32. Bxf5 Bxf5 33. Nd6+ Ke7 34. Re1+ Kd7 35.
Rxe8 Qg4+ 36. Kf1 Bd3+ {White resigns} 0-1

[Event "Team 45 45 League T52"]
[Site "Internet Chess Club"]
[Date "2012.03.10"]
[Round "4"]
[White "Lee-D"]
[Black "joshq03"]
[Result "1/2-1/2"]
[WhiteElo "1423"]
[BlackElo "1444"]
[Opening "Réti: King's Indian attack (Barcza system)"]
[ECO "A07"]
[Time "21:01:09"]
[TimeControl "2700+45"]

1. Nf3 d5 2. g3 Nf6 3. Bg2 Bf5 4. d3 Nbd7 5. O-O e5 6. Nbd2 Bc5 7. Re1 e4 8.
dxe4 dxe4 9. Nh4 Be6 10. Nxe4 Nxe4 11. Bxe4 c6 12. Nf5 O-O 13. Nh4 Nf6 14. Bg2
Ng4 15. e3 Qf6 16. Qf3 Qe7 17. Qe2 Rad8 18. b3 Bb4 19. Rd1 Rxd1+ 20. Qxd1 Rd8
21. Qe2 Bc3 22. Rb1 Qf6 23. Nf3 Bd5 24. h4 Be4 25. Ba3 h5 26. Bc5 b6 27. Bd4
Bxd4 28. Nxd4 Bxg2 29. Kxg2 c5 30. Nf3 a5 31. c4 Qg6 32. Rd1 Re8 33. Rd5 Re6 34.
Rd8+ Kh7 35. Ng5+ Kh6 36. Nxe6 Qxe6 37. Rh8+ Kg6 38. Qd3+ f5 39. Rd8 Kh7 40. Rd5
Nh6 41. f4 Qf6 42. Re5 Kg6 43. Qd5 Kh7 44. e4 Ng4 45. exf5 Nxe5 46. Qxe5 Qc6+
47. Kf2 Qh1 48. Qe2 Qh2+ 49. Kf3 Qh1+ 50. Ke3 Qg1+ 51. Qf2 Qc1+ 52. Qd2 Qg1+ 53.
Qf2 Qc1+ 54. Kf3 Qd1+ 55. Kg2 Qb1 56. Qd2 Qxf5 57. a4 Qe4+ 58. Kh2 Qf5 59. Qe2
Kh6 60. Kg2 Qf6 61. Qd2 Qc6+ 62. Kh2 Kh7 63. Qd3+ Kh8 64. Qd5 Qg6 65. Qf3 Qc2+
66. Kh3 Qf5+ 67. g4 hxg4+ 68. Qxg4 Qd3+ 69. Qg3 Qf5+ 70. Kh2 Qc2+ 71. Kh3 Qf5+
72. Qg4 Qd3+ 73. Qg3 Qf5+ 74. Qg4 Qd3+ 75. Qg3 Qf5+ 76. Kh2 Qc2+ 77. Kh3 Qf5+
78. Qg4 Qd3+ 79. Qg3 Qf5+ {Game drawn by repetition} 1/2-1/2

[Event "Team 45 45 League T52"]
[Site "Internet Chess Club"]
[Date "2012.03.13"]
[Round "4"]
[White "tornado100"]
[Black "milesotoole"]
[Result "0-1"]
[WhiteElo "1258"]
[BlackElo "1539"]
[Opening "Dutch with c4 & Nc3"]
[ECO "A85"]
[Time "16:57:22"]
[TimeControl "2700+45"]

1. d4 f5 2. c4 Nf6 3. Nc3 d6 4. Bg5 Nbd7 5. Nf3 g6 6. e3 Bg7 7. Bd3 e5 8. dxe5
dxe5 9. Nd5 e4 10. Nd4 Ne5 11. Bxf6 Bxf6 12. Be2 Bg7 13. O-O c6 14. Nc3 O-O 15.
f4 Ng4 16. Qd2 c5 17. Nb3 Qh4 18. Bxg4 Qxg4 19. Qd1 Qxd1 20. Raxd1 b6 21. Rd2
Bxc3 22. bxc3 Ba6 23. Rd7 Bxc4 24. Rfd1 Rf7 25. Kf2 Rxd7 26. Rxd7 Be6 27. Rd6
Kf7 28. Kg3 Ke7 29. Rd2 Rd8 30. Rxd8 Kxd8 31. Kh4 h6 32. h3 Bxb3 33. axb3 a5 34.
g4 b5 35. gxf5 gxf5 36. Kh5 a4 37. bxa4 bxa4 38. Kxh6 a3 39. Kg5 a2 40. Kxf5
a1=Q 41. Kxe4 Qxc3 42. f5 Qc4+ 43. Ke5 Qc3+ 44. Ke4 c4 45. h4 Qh8 46. h5 Qxh5
47. Kd4 Qg4+ 48. e4 c3 49. Kxc3 Qxe4 50. f6 Qe5+ 51. Kc4 Qxf6 52. Kc5 Kd7 {White
resigns} 0-1

[Event "Team 45 45 League T52"]
[Site "Internet Chess Club"]
[Date "2012.03.12"]
[Round "4"]
[White "Iowa-Archer"]
[Black "baseball613"]
[Result "0-1"]
[WhiteElo "1307"]
[BlackElo "1373"]
[Opening "Caro-Kann defense"]
[ECO "B12"]
[Time "09:30:33"]
[TimeControl "2700+45"]

1. d4 c6 2. e4 d5 3. c4 dxe4 4. Nc3 Nf6 5. f3 exf3 6. Nxf3 Bg4 7. Be2 e6 8. O-O
Nbd7 9. Bf4 Qb6 10. Qd2 Rd8 11. Na4 Qb4 12. Qxb4 Bxb4 13. c5 Ne4 14. Bd6 Nxd6
15. cxd6 Bxd6 16. Rae1 O-O 17. Nc3 Rfe8 18. Ne4 Bb4 19. Rd1 Nb6 20. a3 Be7 21.
h3 Bh5 22. g4 Bg6 23. Ng3 Bf6 24. Ne5 Bc2 25. Rd2 Bb3 26. Ne4 Bxe5 27. dxe5 Rxd2
28. Nxd2 Bd5 29. Rf4 Nd7 30. Bd3 Nxe5 31. Be2 Rd8 32. h4 Ng6 33. Rd4 Nxh4 34. g5
Nf5 35. Rd3 Kf8 36. Bf3 Ke8 37. Ne4 Bxe4 38. Rxd8+ Kxd8 39. Bxe4 Kd7 40. Kf2 Kd6
41. Ke2 Ke5 42. Bc2 Nd4+ {White resigns} 0-1

[Event "Team 45 45 League T52"]
[Site "Internet Chess Club"]
[Date "2012.03.07"]
[Round "4"]
[White "Kingofknights"]
[Black "Portola"]
[Result "1-0"]
[WhiteElo "1631"]
[BlackElo "1687"]
[Opening "QGD: 6.Nf3"]
[ECO "D55"]
[Time "19:00:08"]
[TimeControl "2700+45"]

1. d4 d5 2. c4 e6 3. Nc3 Nf6 4. Bg5 Be7 5. e3 O-O 6. Nf3 b6 7. cxd5 exd5 8. Bxf6
Bxf6 9. Qc2 Bb7 10. Bd3 g6 11. O-O Nd7 12. b4 Rc8 13. Qb3 c6 14. Rfd1 Qc7 15.
Rac1 Qb8 16. Be2 Rfe8 17. Nd2 Re7 18. Bf3 Rce8 19. b5 c5 20. Nxd5 Bxd5 21. Bxd5
cxd4 22. exd4 Bxd4 23. Nf3 Nc5 24. Qc4 Bf6 25. g3 Qc8 26. Kg2 Qf5 27. Re1 Kg7
28. Rxe7 Rxe7 29. Re1 Rxe1 30. Nxe1 Qd7 31. Nf3 Nb7 32. a4 Na5 33. Qe4 Qd6 34.
Nd4 Bxd4 35. Qxd4+ f6 36. Qe4 Qe5 37. f3 Qb2+ 38. Kh3 Qe5 39. Qxe5 fxe5 40. Kg4
Kf6 41. h4 h5+ 42. Kh3 Kf5 43. g4+ hxg4+ 44. fxg4+ Kf4 45. h5 gxh5 46. gxh5 Kg5
47. Kg3 Kxh5 48. Kf3 Kg5 49. Ke4 Kf6 50. Ba2 Ke7 51. Kxe5 Kd7 52. Bd5 Kc7 53.
Ke6 Nb7 54. Bxb7 Kxb7 55. Kd7 a6 56. Kd6 Kb8 57. Kc6 Ka7 58. Kc7 axb5 59. axb5
Ka8 60. Kxb6 Kb8 61. Kc6 Kc8 62. b6 Kb8 63. b7 {Black resigns} 1-0

[Event "Team 45 45 League T52"]
[Site "Internet Chess Club"]
[Date "2012.03.08"]
[Round "4"]
[White "rubo"]
[Black "surinder"]
[Result "1-0"]
[WhiteElo "1668"]
[BlackElo "1745"]
[Opening "Bird's opening"]
[ECO "A02"]
[Time "23:30:11"]
[TimeControl "2700+45"]

1. f4 e6 2. Nf3 Nc6 3. e3 Nf6 4. b3 Be7 5. Bb2 O-O 6. Bd3 Nb4 7. O-O Nxd3 8.
cxd3 d6 9. Nc3 Bd7 10. Rc1 Bc6 11. Nd4 Bd7 12. Qc2 a6 13. Ne4 Nd5 14. Ba1 Rc8
15. Qb1 c6 16. Rf3 Qa5 17. Rg3 Bf6 18. Nxf6+ Nxf6 19. Qb2 Nh5 20. Rxg7+ Nxg7 21.
Nxc6 f6 22. Nxa5 Rxc1+ 23. Qxc1 Rc8 24. Qb2 e5 25. fxe5 fxe5 26. Nxb7 Rc6 27. d4
Bf5 28. dxe5 Rc2 29. Qd4 Ne6 30. Qd5 Rc1+ 31. Kf2 Kf8 32. exd6 {Black resigns}
1-0

[Event "Team 45 45 League T52"]
[Site "Internet Chess Club"]
[Date "2012.03.11"]
[Round "4"]
[White "j4ucgantp"]
[Black "GrandUnified"]
[Result "0-1"]
[WhiteElo "1459"]
[BlackElo "1620"]
[Opening "Caro-Kann: advance variation"]
[ECO "B12"]
[Time "20:26:53"]
[TimeControl "2700+45"]

1. e4 c6 2. d4 d5 3. e5 Bf5 4. Bd3 Qd7 5. Nf3 Bxd3 6. cxd3 Na6 7. a3 e6 8. O-O
O-O-O 9. Bg5 f6 10. Bh4 g5 11. Bg3 f5 12. h3 Be7 13. Nbd2 h5 14. h4 f4 15. Bh2
g4 16. Ng5 Rf8 17. Rc1 Bxg5 18. hxg5 Qe7 19. b4 Nc7 20. Qa4 Kb8 21. Nb3 Nb5 22.
Na5 Nxd4 23. Rb1 Qxg5 24. Nb3 Ne2+ 25. Kh1 Nc3 26. Qa5 Nxb1 27. Rxb1 g3 28. fxg3
fxg3 29. Bg1 Qh4+ {White resigns} 0-1

[Event "Team 45 45 League T52"]
[Site "Internet Chess Club"]
[Date "2012.03.10"]
[Round "4"]
[White "g8wrb"]
[Black "medsurg"]
[Result "1-0"]
[WhiteElo "1434"]
[BlackElo "1378"]
[Opening "Ruy Lopez: Wormald (Alapin) attack"]
[ECO "C77"]
[Time "15:02:27"]
[TimeControl "2700+45"]

1. e4 e5 2. Nf3 Nc6 3. Bb5 a6 4. Ba4 Nf6 5. Qe2 b5 6. Bb3 Be7 7. O-O Bb7 8. c3
Na5 9. Bc2 c5 10. Nxe5 O-O 11. d4 d6 12. Nf3 Nc6 13. Rd1 cxd4 14. cxd4 Qb6 15.
Be3 Qc7 16. a3 Ng4 17. Nc3 Bf6 18. Nd5 Qd7 {Black resigns} 1-0

[Event "Team 45 45 League T52"]
[Site "Internet Chess Club"]
[Date "2012.03.11"]
[Round "4"]
[White "Mymas"]
[Black "IceBox"]
[Result "0-1"]
[WhiteElo "1611"]
[BlackElo "1877"]
[Opening "Caro-Kann: Panov-Botvinnik attack"]
[ECO "B13"]
[Time "17:00:27"]
[TimeControl "2700+45"]

1. e4 c6 2. d4 d5 3. exd5 cxd5 4. c4 Nf6 5. Nc3 Nc6 6. Nf3 g6 7. cxd5 Nxd5 8.
Qb3 Nxc3 9. bxc3 Bg7 10. Bd3 O-O 11. O-O Qc7 12. Re1 Be6 13. Rxe6 fxe6 14. Qxe6+
Kh8 15. Qh3 Qc8 16. g4 e5 17. Bxg6 h6 18. Be4 Rf6 19. d5 Ne7 20. Nxe5 Qc5 21.
Bg5 Qxf2+ 22. Kh1 Rd8 23. Nd3 Qb6 24. Bxf6 Qxf6 25. Rf1 Qxc3 26. g5 Rf8 27.
Rxf8+ Bxf8 28. Qf1 Kg8 29. g6 Qg7 30. Ne5 Nc8 31. Bf5 Nd6 32. Be6+ Kh8 33. Qf4
Be7 34. Kg2 b5 35. Qc1 a5 36. Qc7 Qf6 37. Qb8+ Bf8 38. h4 Kg7 39. Qc7+ Be7 40.
h5 Ne4 41. Nd3 b4 42. Qb8 Qg5+ 43. Kf3 Nf6 44. Nf4 Nxh5 45. Qg8+ Kf6 46. Qf7+
Ke5 47. Nxh5 Qxh5+ 48. Ke3 Bg5+ 49. Kd3 Qd1+ 50. Kc4 Qc2+ 51. Kb5 b3 52. axb3
Qxb3+ 53. Kc6 Qc4+ 54. Kd7 Qb5+ 55. Kc7 Qc5+ 56. Kd7 Qa7+ 57. Kc6 Qxf7 58. Bxf7
Kf6 59. d6 h5 60. d7 Kg7 61. Kb5 Bd8 62. Kc5 h4 63. Bd5 Kxg6 64. Be6 Kg5 65. Kb5
Kf4 66. Kc4 Kg3 67. Kd3 h3 68. Ke3 h2 69. Bd5 Bb6+ 70. Ke2 Kf4 71. Kd3 Ke5 72.
Bg2 Kd6 73. Kc4 Kxd7 74. Kb5 Bd8 75. Be4 Kd6 76. Bg2 Ke5 77. Kc5 Kf4 78. Kd4 Kg3
79. Bc6 Kf2 80. Kc4 Kg1 81. Kb5 h1=Q 82. Bxh1 Kxh1 83. Ka4 Kg2 84. Kb3 Kf3 85.
Kc4 Ke4 86. Kb5 Kd5 87. Ka4 Kc4 88. Ka3 Kb5 89. Kb3 a4+ 90. Ka3 Be7+ 91. Ka2 Kb4
92. Kb2 a3+ 93. Ka2 Bf6 {White resigns} 0-1

[Event "Team 45 45 League T52"]
[Site "Internet Chess Club"]
[Date "2012.03.11"]
[Round "4"]
[White "calily"]
[Black "ausya"]
[Result "1/2-1/2"]
[WhiteElo "1726"]
[BlackElo "1576"]
[Opening "Queen's pawn game, Darooha variation "]
[ECO "D02"]
[Time "16:05:02"]
[TimeControl "2700+45"]

1. Nf3 d5 2. d4 Nf6 3. g3 g6 4. Bg2 Bg7 5. O-O O-O 6. Nbd2 Nbd7 7. c4 c5 8. e3
e6 9. b3 b6 10. Bb2 Bb7 11. Rc1 Rc8 12. Re1 Qc7 13. cxd5 exd5 14. dxc5 bxc5 15.
b4 Qb6 16. Bxf6 Nxf6 17. bxc5 Rxc5 18. Rb1 Qc6 19. Nd4 Qd7 20. N2b3 Rc7 21. Qd3
a6 22. Na5 Ra8 23. Nxb7 Rxb7 24. Rxb7 Qxb7 25. Rb1 Qd7 26. Rb6 Qa4 27. Qb3 Qxb3
28. axb3 Ne4 29. Nc6 Kf8 30. Nb4 a5 31. Nxd5 Nc5 32. Rb5 a4 33. bxa4 Nxa4 34. h4
Rd8 35. Ra5 Nc3 36. Rc5 Na4 37. Rc7 Be5 38. Ra7 Nc3 39. Nxc3 Bxc3 40. Ra8 Rxa8
41. Bxa8 Ke7 42. e4 Ke6 43. Bd5+ Ke5 44. f4+ Kf6 45. Kf2 Bd4+ 46. Kf3 Bc3 47. g4
h6 48. g5+ hxg5 49. hxg5+ Kg7 50. Kg4 f6 51. gxf6+ Kxf6 52. e5+ Bxe5 53. fxe5+
Kxe5 {Game drawn by mutual agreement} 1/2-1/2

[Event "Team 45 45 League T52"]
[Site "Internet Chess Club"]
[Date "2012.03.10"]
[Round "4"]
[White "tyler66"]
[Black "isolani"]
[Result "0-1"]
[WhiteElo "1462"]
[BlackElo "1663"]
[Opening "Pirc: Ufimtsev-Pytel variation"]
[ECO "B07"]
[Time "17:00:37"]
[TimeControl "2700+45"]

1. e4 d6 2. d4 Nf6 3. Nc3 c6 4. Nf3 Qc7 5. Bg5 Nbd7 6. g3 e5 7. dxe5 dxe5 8. Bg2
Be7 9. O-O O-O 10. Re1 Rd8 11. Re3 Nc5 12. Qe1 Ng4 13. Bxe7 Qxe7 14. Re2 Nf6 15.
a3 a5 16. Rd1 Bg4 17. Red2 Bxf3 18. Bxf3 Ne6 19. Qe2 Nd4 20. Qe3 Nxf3+ 21. Qxf3
Rxd2 22. Rxd2 Rd8 23. Qe2 Rd4 24. Qe3 Qd8 25. Re2 b5 26. f3 b4 27. Na2 c5 28. c3
Rd3 29. Qxc5 Rxf3 30. axb4 Qd1+ 31. Kg2 Qf1# {White checkmated} 0-1

[Event "Team 45 45 League T52"]
[Site "Internet Chess Club"]
[Date "2012.03.18"]
[Round "4"]
[White "Andressa"]
[Black "iceface"]
[Result "0-1"]
[WhiteElo "1386"]
[BlackElo "1644"]
[Opening "Giuoco Piano: four knights variation"]
[ECO "C47"]
[Time "09:40:20"]
[TimeControl "2700+45"]

1. e4 e5 2. Nf3 Nc6 3. Nc3 Nf6 4. Bc4 Bc5 5. h3 d6 6. O-O Be6 7. Bd5 Bxd5 8.
exd5 Ne7 9. d4 exd4 10. Nxd4 h6 11. Re1 O-O 12. Nf3 Ng6 13. Ne4 Nxe4 14. Rxe4
Re8 15. Qe2 Rxe4 16. Qxe4 Qe8 17. Qc4 Ne5 18. Qf4 Nxf3+ 19. Qxf3 Qe5 20. Rb1 Re8
21. Bf4 Qf5 22. Rc1 g5 23. Bg3 Qxf3 24. gxf3 f5 25. Kf1 f4 26. Bh2 Kf7 27. h4
Kf6 28. c4 a5 29. a4 Bb4 30. b3 Ke5 31. h5 Kd4 32. Rc2 Kd3 33. Rb2 Re1+ 34. Kg2
Kc3 {White resigns} 0-1

[Event "Team 45 45 League T52"]
[Site "Internet Chess Club"]
[Date "2012.03.11"]
[Round "4"]
[White "saychess"]
[Black "Dreamshell"]
[Result "1-0"]
[WhiteElo "2064"]
[BlackElo "2005"]
[Opening "Caro-Kann: closed (Breyer) variation"]
[ECO "B10"]
[Time "13:01:38"]
[TimeControl "2700+45"]

1. e4 c6 2. d3 d5 3. Nd2 e5 4. Ngf3 Bd6 5. g3 Nf6 6. Bg2 O-O 7. O-O Na6 8. d4
dxe4 9. Nxe5 Bxe5 10. dxe5 Ng4 11. Bxe4 Nxe5 12. Qh5 Ng6 13. Nf3 Qf6 14. Bg5 Qe6
15. Rfe1 Qg4 16. Qxg4 Bxg4 17. Kg2 Nc5 18. Bxg6 Bxf3+ 19. Kxf3 fxg6+ 20. Kg2
Rfe8 21. Rxe8+ Rxe8 22. Be3 Na4 23. b3 Nb6 24. a4 Kf7 25. a5 Nc8 26. a6 b6 27.
Rd1 c5 28. Bf4 Re7 29. Rd8 Re8 30. Rd7+ Re7 31. Rb7 Ke8 32. Kf3 Kf7 33. Bg5
{Black resigns} 1-0

[Event "Team 45 45 League T52"]
[Site "Internet Chess Club"]
[Date "2012.03.10"]
[Round "4"]
[White "mcplayerus"]
[Black "playwaycool"]
[Result "1-0"]
[WhiteElo "2141"]
[BlackElo "2076"]
[Opening "QGD Slav: 4.e3"]
[ECO "D11"]
[Time "17:00:29"]
[TimeControl "2700+45"]

1. d4 d5 2. c4 c6 3. Nf3 Nf6 4. e3 e6 5. Bd3 Nbd7 6. O-O Bd6 7. b3 O-O 8. Bb2
Qc7 9. Nbd2 Re8 10. Qc2 Qb8 11. h3 a6 12. Rfe1 h6 13. Rac1 e5 14. e4 dxe4 15.
Nxe4 Nxe4 16. Bxe4 exd4 17. Bh7+ Kf8 18. Rxe8+ Kxe8 19. Qe4+ Kf8 20. Qxd4 f6 21.
c5 Be5 22. Nxe5 Nxe5 23. Qd8+ Kf7 24. Qg8+ Ke7 25. Qxg7+ {Black resigns} 1-0